 Dungeon Crawl Stone Soup version 0.31.0-12-g77e489cdc1 (webtiles) character file.

Game seed: 10248075135460163382

2055 AquilaEye the Caller (level 9, -5/41 (43) HPs)
             Began as a Felid Summoner on Feb 25, 2024.
             Was a Follower of Kikubaaqudgha.
             Killed by divine providence
             ... invoked by Jeremiah
              (11 damage)
             ... on level 7 of the Dungeon.
             The game lasted 00:27:20 (5902 turns).

AquilaEye the Caller (Felid Summoner)               Turns: 5902, Time: 00:27:20

HP:   -5/41 (43)    AC:  2    Str:  4    XL:     9   Next: 5%
MP:   31/36         EV: 19    Int: 23    God:    Kikubaaqudgha [*.....]
Gold: 405           SH:  5    Dex: 17    Spells: 7/19 levels left
                                        Lives: 0   Deaths: 3

rFire   . . .        (weapon unavailable)
rCold   . . .        (shield unavailable)
rNeg    . . .        (body armour unavailable)
rPois   .            (helmet unavailable)
rElec   .            (cloak unavailable)
rCorr   .            (gloves unavailable)
SInv    +            (boots unavailable)
Will    +....        d - amulet of reflection
Stlth   +++          i - ring of magical power
HPRegen 0.26/turn    u - ring of magical power
MPRegen 0.25/turn

%: reflection
@: lightly drained, inugami summoned
A: very small, claws 1, fangs 3, see invisible, shaggy fur 2, stealthy paws, no
weapons or thrown items, no armour, multi-lived
a: Renounce Religion, Unearth Wretches


You were on level 7 of the Dungeon.
You worshipped Kikubaaqudgha.
Kikubaaqudgha was aware of your devotion.
You visited 2 branches of the dungeon, and saw 8 of its levels.

You collected 405 gold pieces.

Inventory:

Jewellery
 d - an amulet of reflection (around neck)
 i - a ring of magical power (left paw)
 m - a ring of resist corrosion
 u - a ring of magical power (right paw)
Wands
 w - a wand of charming (10)
 x - a wand of roots (9)
 y - a wand of flame (16)
Scrolls
 c - 4 scrolls of identify
 f - a scroll of fear
 h - 3 scrolls of teleportation
 k - a scroll of enchant armour {unknown}
 o - a scroll of fog {unknown}
 p - a scroll of amnesia {unknown}
 q - a scroll of noise {unknown}
 r - a scroll of poison {unknown}
Potions
 a - a potion of magic
 b - a potion of degeneration
 e - a potion of mutation
 g - a potion of invisibility {unknown}
 j - 3 potions of ambrosia {unknown}
 l - 2 potions of enlightenment {unknown}
 n - a potion of attraction {unknown}
 s - 2 potions of brilliance {unknown}
 t - a potion of might {unknown}
 v - a potion of curing {unknown}


   Skills:
 + Level 2.7 Fighting
 + Level 4.8 Dodging
 + Level 5.1 Stealth
 + Level 5.7 Spellcasting
 + Level 7.1 Summonings
 - Level 5.0 Fire Magic
 + Level 2.4 Air Magic


You had 7 spell levels left.
You knew the following spells:

 Your Spells              Type           Power      Damage    Failure   Level
a - Summon Small Mammal   Summ           100%       N/A       1%          1
b - Call Canine Familiar  Summ           39%        N/A       1%          3
c - Summon Blazeheart Go  Fire/Summ      34%        N/A       7%          4
d - Summon Lightning Spi  Summ/Air       28%        N/A       12%         4

Your spell library contained the following spells:

 Spells                   Type           Power      Damage    Failure   Level
 Call Imp                 Summ           78%        N/A       1%          2
 Apportation              Tloc           12%        N/A       9%          1
 Kiss of Death            Conj/Necr      24%        2d7       9%          1
 Necrotise                Necr           24%        1d5       9%          1
 Sting                    Conj/Alch      24%        1d4       9%          1
 Mercury Vapours          Alch/Air       24%        N/A       9%          2
 Cigotuvi's Dreadful Rot  Necr/Alch/Air  20%        N/A       10%         2
 Vampiric Draining        Necr           6%         2d6       26%         3
 Animate Dead             Necr           6%         N/A       65%         4
 Olgreb's Toxic Radiance  Alch           6%         N/A       65%         4


Dungeon Overview and Level Annotations

Branches:
Dungeon (7/15)             Temple (1/1) D:5

Altars:
Ashenzari
Cheibriados
Dithmenos
Elyvilon
Fedhas
Gozag
Hepliaklqana
Kikubaaqudgha
Makhleb
Nemelex Xobeh
Okawaru
Qazlal
Sif Muna
Trog
Uskayaw
Vehumet
Xom
Zin
The Shining One

Annotations:
D:6 2 transporters, nightchill's ghost, novice TrSh
D:7 Jeremiah


Innate Abilities, Weirdness & Mutations

You have sharp claws.
You have razor-sharp teeth.
You have supernaturally acute eyesight. (SInv)
You are covered in thick fur. (AC +2)
Your paws help you pounce on unaware monsters.
You are incapable of wielding weapons or throwing items.
You cannot wear armour.
You gain extra lives every three experience levels.


Message History

Jeremiah throws their arms up pleadingly.
Something smites you!
* * * LOW HITPOINT WARNING * * *
Your inugami barely misses the butterfly.
You miss the butterfly. Your bite misses the butterfly.
Your inugami barely misses the butterfly.
You completely miss the butterfly. Your inugami misses the butterfly.
Your magical contamination has completely faded away.
Okay, then.
You scratch the butterfly.
You kill the butterfly!
The butterfly disappears in a burst of colours!
Your inugami closely misses the butterfly.
Your inugami hits the butterfly!
The butterfly dies!
The butterfly disappears in a burst of colours!
The butterfly disappears in a burst of colours!
Your inugami barely misses the butterfly.
Your inugami hits the butterfly.
The butterfly dies!
The butterfly disappears in a burst of colours!
Your inugami hits the butterfly.
The butterfly dies!
The butterfly disappears in a burst of colours!
Your inugami hits the butterfly!
The butterfly dies!
The butterfly disappears in a burst of colours!
Your inugami misses the butterfly. Your inugami misses the butterfly.
Your inugami closely misses the butterfly.
Your inugami hits the butterfly.
The butterfly dies!
The butterfly disappears in a burst of colours!
The butterfly disappears in a burst of colours!
Your blazeheart golem disappears in a puff of smoke!
Jeremiah lets out a twisted cry.
Something smites you!
You die...
Jeremiah wails, "I didn't mean to kill anyone!
I'm not a murderer!"
Kikubaaqudgha rasps: "You have failed me!
Welcome... death!" ### #<# #@# #bFbh§# #######

You could see Jeremiah (ally target) and a friendly inugami (summoned).

Vanquished Creatures
  Pikel (D:6)
  A black bear (D:6)
  A centaur (D:6)
  A phantom (D:6)
  A hound (D:5)
  A dart slug (D:2)
  2 orcs
  An endoplasm (D:1)
  A giant cockroach (D:1)
  A jackal (D:2)
  A ball python (D:2)
12 creatures vanquished.

Vanquished Creatures (collateral kills)
  Sigmund (D:6)
  A vampire (D:5)
  A sky beast (D:6)
  A phantom (D:5)
  A lemure (D:6)
  6 scorpions
  2 jellies (D:5)
  4 hounds
  An iguana (D:5)
  A sleepcap (D:5)
  2 orc wizards (D:5)
  4 gnolls (D:4)
  8 adders
  2 dart slugs (D:3)
  A ribbon worm (D:2)
  23 orcs
  6 ball pythons
  3 bats
  6 endoplasms
  4 giant cockroaches
  5 goblins
  A hobgoblin (D:4)
  18 jackals
  A frilled lizard (D:3)
  4 kobolds
  4 rats
111 creatures vanquished.

Vanquished Creatures (others)
  5 blazeheart cores (D:6)
5 creatures vanquished.

Grand Total: 128 creatures vanquished

Notes
Turn   | Place    | Note
-------+----------+-------------------------------------------
     0 | D:1      | AquilaEye the Felid Summoner began the quest for the Orb.
     0 | D:1      | Reached XP level 1. HP: 9/9 MP: 4/4
   363 | D:1      | Reached XP level 2. HP: 13/13 MP: 1/6
  1454 | D:2      | You fall into a shaft and drop 2 floors!
  1516 | D:4      | Reached XP level 3. HP: 16/16 MP: 8/8
  1520 | D:4      | Learned a level 3 spell: Call Canine Familiar
  1726 | D:4      | Noticed a scorpion
  1740 | D:4      | Killed a scorpion
  1741 | D:4      | Reached skill level 5 in Summonings
  1741 | D:4      | Reached XP level 4. HP: 21/21 MP: 10/10
  1741 | D:4      | Gained a life (2 lives remaining)
  1746 | D:4      | Learned a level 4 spell: Summon Blazeheart Golem
  2056 | D:4      | Reached skill level 1 in Fire Magic
  2056 | D:4      | Reached XP level 5. HP: 24/24 MP: 11/11
  2503 | D:5      | Entered Level 5 of the Dungeon
  2564 | D:5      | Hit by a javelin thrown by an orc
  2564 | D:5      | Lost a life (1 life remaining)
  2622 | D:5      | Gained mutation: You are covered in thick fur. (AC +2)
                  | [Felid growth]
  2622 | D:5      | Reached XP level 6. HP: 28/28 MP: 12/12
  2743 | D:5      | Found a staircase to the Ecumenical Temple.
  2754 | Temple   | Entered the Ecumenical Temple
  2961 | D:5      | Slain by a sleepcap
  2961 | D:5      | Lost a life (0 lives remaining)
  3031 | D:3      | Found an ancient bone altar of Kikubaaqudgha.
  3049 | D:3      | Became a worshipper of Kikubaaqudgha
  3354 | D:3      | Found a hazy altar of Hepliaklqana.
  3354 | D:3      | Found a stormy altar of Qazlal.
  3373 | D:3      | Found a faded altar of an unknown god.
  3387 | D:3      | Found a faded altar of an unknown god.
  3389 | D:3      | Found a glowing golden altar of the Shining One.
  3570 | D:2      | Reached XP level 7. HP: 10/32 MP: 14/14
  3570 | D:2      | Gained a life (1 life remaining)
  3735 | D:2      | Reached * piety under Kikubaaqudgha
  3735 | D:2      | Received a gift from Kikubaaqudgha
  4060 | D:5      | Reached skill level 6 in Summonings
  4568 | D:5      | Noticed a vampire
  4591 | D:5      | Killed a vampire
  4592 | D:5      | Reached skill level 5 in Spellcasting
  4592 | D:5      | Reached skill level 5 in Fire Magic
  4597 | D:5      | Learned a level 4 spell: Summon Lightning Spire
  4862 | D:6      | Noticed a wraith
  4914 | D:6      | Reached XP level 8. HP: 36/36 MP: 16/16
  5079 | D:6      | Reached skill level 1 in Fighting
  5099 | D:6      | Reached skill level 1 in Air Magic
  5137 | D:6      | Noticed Pikel
  5157 | D:6      | Killed Pikel
  5157 | D:6      | Killed by an exploding blazeheart core
  5157 | D:6      | Lost a life (0 lives remaining)
  5215 | D:6      | Found a transporter.
  5216 | D:6      | Found a transporter.
  5226 | D:6      | Reached skill level 7 in Summonings
  5229 | D:6      | Noticed nightchill's ghost (novice TrSh)
  5319 | D:6      | Noticed Sigmund
  5341 | D:6      | Killed Sigmund
  5342 | D:6      | Reached skill level 5 in Stealth
  5369 | D:6      | Reached XP level 9. HP: 41/43 MP: 18/18
  5431 | D:6      | Found a broken altar of Ashenzari.
  5745 | D:6      | Found a shadowy altar of Dithmenos.
  5866 | D:7      | Noticed Jeremiah
  5889 | D:7      | HP: 2/41 [Jeremiah/divine providence (14)]
  5902 | D:7      | Killed from afar by Jeremiah

Illustrated notes

Levels and vault maps discovered:
D:1:      scummos_arrival_gate, layout_loops_corners,
          nicolae_twisty_statue_hallways
D:2:      layout_basic
D:3:      layout_rooms, amcnicky_altar_gilded,
          chequers_temple_overflow_minitemple
D:4:      layout_cave_pods
D:5:      layout_basic, minmay_temple_entry_glassed_door, minivault_4,
          st_stairs_2, chequers_avenue, kennysheep_generic_room_8
D:6:      layout_loops_ring, marbit_many_paths, lemuel_round_altar,
          gammafunk_ghost_arena, uniq_sigmund, uniq_pikel
D:7:      layout_basic, nicolae_ru_awakened_eye, uniq_maggie, uniq_maurice,
          uniq_jeremiah, uniq_duvessa
Temple:   cyrus_circular_temple

Skill      XL: |  1  2  3  4  5  6  7  8 |
---------------+-------------------------+-----
Spellcasting   | 3 4 5 |  5.7
Summonings     | 5 6 7 |  7.1
Fire Magic     | 1 2 3 5 |  5.0
Dodging        | 4 |  4.8
Stealth        | 5 |  5.1
Fighting       | 2 |  2.7
Air Magic      | 2 |  2.4

Action                     |  1- 3 |  4- 6 |  7- 9 || total
---------------------------+-------+-------+-------++-------
  Melee: Unarmed           |    14 |    45 |    40 ||    99
         Bite              |       |     7 |     9 ||    16
         Punch             |       |     1 |     2 ||     3
   Cast: Summon Small Mamm |    39 |    32 |     7 ||    78
         Call Canine Famil |     2 |    26 |    28 ||    56
         Summon Blazeheart |       |       |     7 ||     7
    Use: Scroll            |       |       |     5 ||     5
   Stab: Sleeping          |     1 |       |       ||     1
 Armour: Skin              |    11 |    34 |    26 ||    71
  Dodge: Dodged            |    21 |    60 |    20 ||   101
  Block: Other             |     8 |    16 |     6 ||    30
         Reflection        |     2 |       |     2 ||     4
